 Dungeon Crawl Stone Soup version 0.28.0-43-g3370ac3207 (webtiles) character file.

Game seed: 4123995506363123366

442 issech the Cudgeller (level 6, -1/60 (61) HPs)
             Began as a Troll Monk on Mar 29, 2022.
             Succumbed to an orc's poison
             ... on level 4 of the Dungeon.
             The game lasted 00:11:12 (3176 turns).

issech the Cudgeller (Troll Monk)                   Turns: 3176, Time: 00:11:12

HP:   -1/60 (61)    AC:  4    Str: 20    XL:     6   Next: 71%
MP:   3/5           EV: 11    Int:  6    God:
Gold: 132           SH:  0    Dex: 14    Spells: 5/5 levels left

rFire   . . .      SeeInvis .   m - +7 club
rCold   . . .      Faith    .   (no shield)
rNeg    . . .      Spirit   .   n - +0 animal skin
rPois   .          Reflect  .   (helmet restricted)
rElec   .          Harm     .   (no cloak)
rCorr   +          Rampage  .   (gloves unavailable)
Will    +....                   (boots unavailable)
Stlth   ++........              (no amulet)
HPRegen 1.00/turn               y - ring of willpower
MPRegen 0.09/turn               F - ring of resist corrosion

@: lethally poisoned (-1 -> -12), lightly drained
A: large, unfitting armour, claws 3, regeneration 1, shaggy fur 1, tough skin 1
a: no special abilities


You were on level 4 of the Dungeon.
You visited 1 branch of the dungeon, and saw 5 of its levels.

You collected 132 gold pieces.

Inventory:

Hand Weapons
 a - a +0 mace
 d - a +3 whip of venom
 k - a +0 flail
 m - a +7 club (weapon)
 q - a +4 dagger
 v - a +1 antimagic falchion
 x - a +1 dagger of speed
 z - a +0 dire flail
 C - a +2 vampiric dagger
 I - a +2 hand axe of electrocution
Missiles
 c - 215 stones (quivered)
 h - 67 bolts
 o - 19 arrows
 p - 10 poisoned darts
 s - 13 sling bullets
 A - 2 silver javelins
Armour
 b - a +0 robe
 n - a +0 animal skin (worn)
Magical Staves
 D - a staff of air
Jewellery
 y - a ring of willpower (left claw)
 F - a ring of resist corrosion (right claw)
Wands
 l - a wand of flame (25)
 E - a wand of iceblast (6)
Scrolls
 e - a scroll of immolation
 g - a scroll of noise {unknown}
 j - 4 scrolls of identify {unknown}
 t - a scroll of amnesia {unknown}
 u - 2 scrolls of teleportation {unknown}
 G - a scroll of summoning {unknown}
 H - a scroll of magic mapping {unknown}
Potions
 f - a potion of mutation {unknown}
 i - 2 potions of heal wounds {unknown}
 r - 2 potions of lignification {unknown}
 w - a potion of degeneration {unknown}
 B - a potion of might {unknown}


   Skills:
 + Level 3.6 Fighting
 + Level 5.1 Maces & Flails
 + Level 3.6 Dodging
 + Level 1.4 Stealth


You had 5 spell levels left.
You didn't know any spells.
Your spell library contained the following spells:

 Spells                   Type           Power      Damage    Failure   Level
 Summon Small Mammal      Summ           0%         N/A       45%         1
 Call Canine Familiar     Summ           0%         N/A       83%         3
 Summon Guardian Golem    Hex/Summ       0%         N/A       83%         3


Dungeon Overview and Level Annotations

Branches:
Dungeon (5/15)
 Temple: D:4-7

Altars:
Qazlal
Zin


Innate Abilities, Weirdness & Mutations

You are too large for most types of armour.
You have claws for hands.
Your natural rate of healing is unusually fast.
You are covered in fur. (AC +1)
You have tough skin. (AC +1)


Message History

You feel your power leaking away.
The orc hits you from afar with a +1 trident of venom.
You are poisoned.
There is a stone staircase leading up here.
You hit the orc.
The orc is almost dead.
You feel very sick. The orc hits you but does no damage.
You are more poisoned.
The orc closely misses you.
You hit the orc.
You kill the orc!
You feel very sick.
The orc hits you from afar with a +1 trident of venom.
You are more poisoned.
You feel very sick. The orc hits you but does no damage.
The orc hits you with a +1 trident of venom.
You are more poisoned.
You hit the orc.
The orc is moderately wounded.
You feel extremely sick. The orc hits you but does no damage.
The orc hits you with a +1 trident of venom.
You are lethally poisoned!
You barely miss the orc.
The orc is moderately wounded.
* * * LOW HITPOINT WARNING * * *
You feel extremely sick. The orc closely misses you. x2
* * * LOW HITPOINT WARNING * * *
You feel extremely sick.
The orc hits you from afar with a +1 trident of venom.
* * * LOW HITPOINT WARNING * * *
There is a stone staircase leading up, spattered with blood here.
* * * LOW HITPOINT WARNING * * *
You feel very sick. The orc misses you. x2
You climb upwards.
You die...

............#.....#
'###'###....#....##
.##...##....#....##
......##...##.....#
......##...##.....#
...)...'...########
#.....##...##....##
#.....##...#......#
...........#....@.#
...........#....o##
......###'####...##########
......##...###...##.......#
......#......#............#
########.....#............#
#.....##>....#............#
#......#.....#...##.......#
#......'.....#...##########


You could see an orc.

Vanquished Creatures
  A sky beast (D:5)
  2 wights (D:3)
  A jelly (D:4)
  An iguana (D:4)
  Terence (D:3)
  Robin (D:2)
  4 gnolls (D:2)
  3 adders
  2 worms (D:3)
  2 dart slugs
  7 orcs
  8 ball pythons
  8 bats
  6 endoplasms
  17 goblins
  8 hobgoblins
  6 jackals
  9 kobolds
  5 quokkas
  4 frilled lizards
  A rat (D:1)
97 creatures vanquished.

Notes
Turn   | Place    | Note
-------+----------+-------------------------------------------
     0 | D:1      | issech the Troll Monk began the quest for the Orb.
     0 | D:1      | Reached XP level 1. HP: 22/22 MP: 0/0
    76 | D:1      | Found a faded altar of an unknown god.
    95 | D:1      | Reached skill level 3 in Maces & Flails
   149 | D:1      | Reached XP level 2. HP: 29/29 MP: 1/1
   719 | D:2      | Reached XP level 3. HP: 36/36 MP: 2/2
   783 | D:2      | Noticed Robin
   814 | D:2      | Killed Robin
   966 | D:2      | Reached XP level 4. HP: 34/45 MP: 3/3
  1101 | D:2      | Reached skill level 4 in Maces & Flails
  1628 | D:3      | Reached XP level 5. HP: 53/53 MP: 4/4
  1883 | D:3      | Noticed Terence
  1897 | D:3      | Killed Terence
  2225 | D:3      | HP: 2/46 [wight/+4 hand axe (4)]
  2427 | D:4      | Reached XP level 6. HP: 52/53 MP: 5/5
  2460 | D:4      | Found a stormy altar of Qazlal.
  3012 | D:4      | Found a glowing silver altar of Zin.
  3087 | D:5      | Entered Level 5 of the Dungeon
  3087 | D:5      | Noticed a sky beast
  3104 | D:5      | Killed a sky beast
  3105 | D:5      | Reached skill level 5 in Maces & Flails
  3175 | D:5      | HP: 3/60 [poisoned by an orc]
  3176 | D:4      | Succumbed to an orc's poison

Illustrated notes

Levels and vault maps discovered:
D:1:      ncdulo_smallfort, layout_basic, hellmonk_ecumenical_altar_blasted,
          minivault_14
D:2:      layout_rooms, uniq_robin
D:3:      layout_loops_ring, uniq_terence
D:4:      layout_gridville, minitemple, kennysheep_nondescript
D:5:      layout_basic, mainiacjoe_overflow_24_doors,
          minmay_temple_entry_overgrown, uniq_ijyb, uniq_blork_the_orc

Skill      XL: |  1  2  3  4  5  6 |
---------------+-------------------+-----
Maces & Flails | 3 4 5 |  5.1
Fighting       | 3 |  3.6
Dodging        | 3 |  3.6
Stealth        | |  1.4

Action                   |  1- 3 |  4- 6 || total
-------------------------+-------+-------++-------
Melee: Mace              |    12 |       ||    12
       Whip              |    81 |   107 ||   188
       Club              |       |    60 ||    60
       Punch             |       |     1 ||     1
 Stab: Sleeping          |     2 |       ||     2
Armor: Robe              |    41 |    16 ||    57
       Animal skin       |       |    13 ||    13
Dodge: Dodged            |    53 |    74 ||   127
